cohdb
Replays
Latest Replays
All Replays
Popular Replays
Top Player Replays
Match Explorer
How It Works
Community
CoH3 Stats
Reddit
Sign in to upload your games and track your stats! →
Sign in with Steam
Match 42837424
Unlisted
Match 42837424
Overview
Messages
Build Orders
End
Panzergrenadier Squad
Kradschützen Motorcycle Team
Panzergrenadier Squad
250 Light Carrier
Construct Light Support Kompanie
Fire Support Elements
Flakvierling Half-track
2.5-tonne Medical Truck
Vehicle Survival Package
Combat Half-tracks
Selects Panzerjäger Kommand Battlegroup
Selects Mine Fields
Selects Defensive Positions
Construct Mechanized Kompanie
le.IG 18 Mechanized Group
254 Reconnaissance Tractor
Selects Butterfly Bomb Drop
Selects Tank Busters
Construct Panzerarmee Kommand
Emergency Repair Kits
Panzer III L Medium Tank
Jarkke
Setti-Veke
ViiKumi
Kilorss
Fanmarko
dymarten
0
0
Comments
sign in to comment!
No comments posted yet!